 Dungeon Crawl Stone Soup version 0.25.1-2-g60ff931df9 (webtiles) character file.

Game seed: 14016467503599292566

33411 DoubleLucky the Basher (level 13, -23/87 HPs)
             Began as a Gargoyle Earth Elementalist on Sept 27, 2020.
             Was an Elder of Sif Muna.
             Killed from afar by a lindwurm (24 damage)
             ... with a blast of flame
             ... on level 6 of the Lair of Beasts.
             The game lasted 03:22:39 (25898 turns).

DoubleLucky the Basher (GrEE)                      Turns: 25898, Time: 03:22:40

Health: -23/87     AC: 29    Str: 15    XL:     13   Next: 70%
Magic:  17/20      EV:  9    Int: 24    God:    Sif Muna [****..]
Gold:   678        SH:  4    Dex: 10    Spells: 11/22 levels left

rFire    x . .     SeeInvis .   V - +6 whip of Lust {elec, rElec rN+}
rCold    + + +     Gourm    .   k - +0 buckler
rNeg     + + .     Faith    .   T - +0 ice dragon scales
rPois    ∞         Spirit   .   y - +1 helmet
rElec    +         Reflect  .   x - +0 cloak
rCorr    .         Harm     .   C - +1 pair of gloves
MR       .....                  (no boots)
Stlth    ..........             (no amulet)
HPRegen  0.24/turn              J - +6 ring of intelligence
MPRegen  0.17/turn              q - ring of protection from cold

@: no status effects
A: negative energy resistance 1, electricity resistance, unbreathing,
petrification resistance, rot immunity, AC +9
a: Channel Magic, Forget Spell, Divine Exegesis, Renounce Religion


You were on level 6 of the Lair of Beasts.
You worshipped Sif Muna.
Sif Muna was greatly pleased with you.
You were very hungry.

You visited 3 branches of the dungeon, and saw 18 of its levels.

You collected 1120 gold pieces.
You spent 442 gold pieces at shops.

Inventory:

Hand Weapons
 V - the +6 whip of Lust (weapon) {elec, rElec rN+}
   (You found it on level 1 of the Lair of Beasts)

   Occasionally, upon striking a foe, it will discharge some electrical energy
   and cause terrible harm.
   It insulates you from electricity.
   It protects you from negative energy.
Missiles
 b - 272 stones
 U - 3 throwing nets (quivered)
Armour
 k - a +0 buckler (worn)
 x - a +0 cloak (worn)
 y - a +1 helmet (worn)
 C - a +1 pair of gloves (worn)
 R - a +0 crystal plate armour
 T - +0 ice dragon scales (worn)
Jewellery
 q - a ring of protection from cold (right hand)
 B - an uncursed ring of wizardry
 D - an uncursed ring of protection from magic
 J - a +6 ring of intelligence (left hand)
Wands
 w - a wand of disintegration (17)
 z - a wand of iceblast (8)
 F - a wand of paralysis (6)
 N - a wand of polymorph (10)
 O - a wand of enslavement (9)
 P - a wand of acid (6)
Scrolls
 c - a scroll of acquirement {unknown}
 e - a scroll of vulnerability {unknown}
 g - 12 scrolls of teleportation
 h - 2 scrolls of enchant weapon {unknown}
 i - 3 scrolls of identify
 j - 2 scrolls of enchant armour
 l - a scroll of silence {unknown}
 m - a scroll of fear {unknown}
 n - a scroll of blinking {unknown}
 o - a scroll of noise {unknown}
 s - 2 scrolls of magic mapping
 v - 4 scrolls of remove curse
 A - 5 scrolls of immolation
 G - 3 scrolls of amnesia
 M - a scroll of fog
Potions
 a - a potion of haste
 p - 3 potions of degeneration {unknown}
 r - 5 potions of mutation
 t - 13 potions of curing {unknown}
 u - 6 potions of brilliance {unknown}
 E - 2 potions of stabbing {unknown}
 H - a potion of berserk rage {unknown}
 I - a potion of cancellation {unknown}
 K - 3 potions of lignification {unknown}
 L - 2 potions of magic {unknown}
 Y - a potion of heal wounds {unknown}
 Z - a potion of might {unknown}
Miscellaneous
 f - 2 boxes of beasts
 W - a phial of floods
Comestibles
 d - 23 rations


   Skills:
 * Level 12.8 Fighting
 + Level 12.9 Maces & Flails
 - Level 10.0 Armour
 - Level 1.5 Dodging
 - Level 2.1 Stealth
 - Level 4.0 Shields
 - Level 5.0 Spellcasting
 - Level 2.0 Conjurations
 - Level 0.7 Transmutations
 - Level 12.0 Earth Magic


You had 11 spell levels left.
You knew the following spells:

 Your Spells              Type           Power        Failure   Level  Hunger
a - Sandblast             Erth           ######       1%          1    None
b - Passwall              Tmut/Erth      #####...     3%          2    None
c - Stone Arrow           Conj/Erth      #####.       5%          3    ##.....
d - Lee's Rapid Deconstr  Erth           ######....   7%          5    #####..

Your spell library contained the following spells:

 Spells                   Type           Power        Failure   Level  Hunger
 Magic Dart               Conj           ###.         14%         1    None
 Petrify                  Tmut/Erth      #####...     24%         4    ####...
 Animate Skeleton         Necr           N/A          32%         1    None
 Corona                   Hex            #......      32%         1    None
 Pain                     Necr           #...         32%         1    None
 Blink                    Tloc           N/A          45%         2    None
 Call Imp                 Summ           #.......     45%         2    None
 Corpse Rot               Necr/Air       N/A          45%         2    None
 Ensorcelled Hibernation  Hex/Ice        #.....       45%         2    None
 Slow                     Hex            #.......     45%         2    None
 Conjure Flame            Conj/Fire      ##......     54%         3    ##.....
 Dazzling Flash           Conj/Hex       ##....       54%         3    ##.....
 Mephitic Cloud           Conj/Pois/Air  #.......     61%         3    ##.....
 Confusing Touch          Hex            #.......     69%         3    ##.....
 Tukima's Dance           Hex            #.......     69%         3    ##.....
 Vampiric Draining        Necr           #.........   69%         3    ##.....
 Animate Dead             Necr           N/A          97%         4    ####...
 Dispel Undead            Necr           #.......     97%         4    ####...
 Agony                    Necr           #.......     100%        5    #####..
 Excruciating Wounds      Chrm/Necr      #.........   100%        5    #####..
 Sublimation of Blood     Necr           Unusable     N/A         2    N/A

Dungeon Overview and Level Annotations

Branches:
Dungeon (11/15)            Temple (1/1) D:6            Lair (6/6) D:11
 Shoals (0/4) Lair:2       Spider (0/4) Lair:3        Slime (0/5) Lair:5
    Orc: D:9-12

Altars:
Ashenzari
Cheibriados
Dithmenos
Elyvilon
Fedhas
Gozag
Hepliaklqana
Kikubaaqudgha
Makhleb
Nemelex Xobeh
Okawaru
Qazlal
Ru
Sif Muna
Trog
Uskayaw
Vehumet
Wu Jian
Xom
Yredelemnul
Zin
The Shining One
Jiyva

Shops:
D:5 ?   D:8 =

Annotations:
Lair:5 2 transporters, UnDebs's ghost, journeyman TeAE


Innate Abilities, Weirdness & Mutations

You are resistant to torment.
Your stone body is resilient. (AC +9)
You are immune to poison.
You resist negative energy. (rN+)
You are resistant to electric shocks. (rElec)
You can survive without breathing.
You are immune to petrification.
You are immune to rotting.


Message History

* * * LOW HITPOINT WARNING * * *
The lindwurm struggles against the net.
The lindwurm struggles against the net.
A lindwurm is nearby!
Evoke which item? (* to show all) (? for menu, Esc to quit)
Aiming: Paralyse
Press: ? - help, Shift-Dir - straight line, f/p - lindwurm
Aim: a lindwurm (chance to defeat MR: 28%)
The lindwurm easily resists.
The lindwurm breathes flames at you. The blast of flame hits you!!
The fire burns you terribly!
* * * LOW HITPOINT WARNING * * *
The lindwurm bites you but does no damage.
The lindwurm claws you but does no damage. x2
You are feeling very hungry.
You hit the lindwurm.
The lindwurm is lightly wounded.
The lindwurm breathes flames at you. The blast of flame hits you!!
The fire burns you terribly!
You die...

#..PP# #####..P.#
#.##....P###
###.........#
#..P.......####
#............^#
##............###
###P....P..k#.....##
#.#...###..@..#...P##
#....P##....##.#...P##
#...P.##....P####....###
##..#####..### ##..[#.#
#### #### #.....###
##......# ###...####
##.....# #......


You could see a lindwurm (catching breath).

Vanquished Creatures
  Josephine (Lair:5)
  A hydra (Lair:4)
  Harold (D:11)
  A catoblepas (Lair:3)
  4 death yaks
  Urug (D:11)
  Sonja (Lair:5)
  2 cyclopes (D:11)
  A manticore (Lair:2)
  3 black mambas
  Maurice (D:11)
  5 elephants
  8 spiny frogs
  Maggie (D:9)
  3 rime drakes
  6 komodo dragons
  2 trolls
  Grinder (D:6)
  A polar bear (Lair:5)
  6 blink frogs
  7 hippogriffs
  A spriggan (D:7)
  Sigmund (D:6)
  3 redbacks (Lair:3)
  5 wraiths (Lair:5)
  5 wyverns
  28 yaks
  4 basilisks
  A steam dragon (D:11)
  2 hungry ghosts
  13 water moccasins
  6 porcupines
  2 orc warriors
  2 black bears
  2 ice beasts
  A sky beast (D:9)
  A phantom (D:8)
  4 ogres
  4 centaurs
  A wolf (Lair:6)
  12 crocodiles
  12 bullfrogs
  2 scorpions
  3 killer bees (D:10)
  10 wights
  8 howler monkeys
  A centaur zombie (D:5)
  7 crimson imps
  A quasit (D:5)
  3 hounds
  A bullfrog skeleton (D:9)
  A centaur skeleton (D:7)
  4 jellies
  3 orc priests
  5 orc wizards (D:7)
  8 iguanas
  9 worker ants
  A killer bee zombie (D:6)
  A hound zombie (D:10)
  A hound skeleton (D:7)
  A worker ant zombie (D:6)
  Robin (D:4)
  4 gnolls (D:7)
  11 adders
  4 shadow imps
  2 oozes (Lair:5)
  2 adder skeletons
  3 worms (D:2)
  3 leopard geckos
  20 orcs
  4 giant cockroaches
  12 goblins
  6 hobgoblins
  13 jackals
  2 quokkas
  5 bats
  A frilled lizard (D:1)
  7 kobolds
  A leopard gecko skeleton (D:8)
  A quokka skeleton (D:7)
  4 rats
343 creatures vanquished.

Vanquished Creatures (others)
  3 fungi (Lair:6)
  2 plants (Lair:6)
5 creatures vanquished.

Grand Total: 348 creatures vanquished

Notes
Turn   | Place    | Note
-------+----------+-------------------------------------------
     0 | D:1      | DoubleLucky the Gargoyle Earth Elementalist began the quest
                  | for the Orb.
     0 | D:1      | Reached XP level 1. HP: 10/10 MP: 3/3
   258 | D:1      | Reached XP level 2. HP: 15/15 MP: 1/5
  1199 | D:2      | Reached XP level 3. HP: 19/19 MP: 4/6
  1314 | D:2      | Reached skill level 1 in Shields
  2008 | D:3      | Found an iron altar of Okawaru.
  2124 | D:3      | Reached XP level 4. HP: 24/24 MP: 6/8
  2716 | D:3      | Found a burning altar of Makhleb.
  3186 | D:4      | Noticed Robin
  3195 | D:4      | Killed Robin
  3259 | D:4      | Reached skill level 5 in Earth Magic
  3259 | D:4      | Reached XP level 5. HP: 21/28 MP: 3/9
  3517 | D:4      | Noticed an ogre
  3915 | D:4      | Found a burning altar of Makhleb.
  3922 | D:4      | Reached XP level 6. HP: 29/32 MP: 6/11
  3982 | D:4      | Reached skill level 1 in Maces & Flails
  4302 | D:4      | Learned a level 2 spell: Passwall
  4427 | D:5      | Entered Level 5 of the Dungeon
  4436 | D:5      | Found Enaehyic's Magic Scroll Shop.
  4624 | D:5      | Reached XP level 7. HP: 31/36 MP: 5/13
  4688 | D:5      | Bought a scroll of teleportation for 42 gold pieces
  5379 | D:6      | Reached XP level 8. HP: 41/41 MP: 9/15
  5476 | D:6      | Noticed Sigmund
  5492 | D:6      | Killed Sigmund
  5492 | D:6      | Reached skill level 5 in Spellcasting
  5783 | D:6      | Found a staircase to the Ecumenical Temple.
  5792 | Temple   | Entered the Ecumenical Temple
  5930 | Temple   | Became a worshipper of Sif Muna the Loreminder
  6072 | D:6      | Noticed Grinder
  6086 | D:6      | Killed Grinder
  6086 | D:6      | Reached skill level 5 in Maces & Flails
  6527 | D:7      | Noticed a spriggan baker
  6533 | D:7      | Killed a spriggan baker
  6533 | D:7      | Reached skill level 1 in Fighting
  6533 | D:7      | Reached XP level 9. HP: 44/48 MP: 11/16
  6715 | D:7      | Got a dull robe
  6924 | D:7      | Learned a level 3 spell: Stone Arrow
  8134 | D:7      | Reached skill level 10 in Earth Magic
  8568 | D:7      | Reached * piety under Sif Muna
  8568 | D:7      | Reached skill level 1 in Armour
  9343 | D:7      | Learned a level 5 spell: Lee's Rapid Deconstruction
  9389 | D:8      | Identified the +1 robe of Ushro {-Tele rElec rN+ Str+4}
                  | (You found it on level 7 of the Dungeon)
  9659 | D:8      | Found a bloodstained altar of Trog.
  9879 | D:8      | Reached skill level 5 in Fighting
  9971 | D:8      | Reached XP level 10. HP: 59/59 MP: 12/17
 10066 | D:8      | Found Ynos Ila's Jewellery Shop.
 10211 | D:8      | Bought an uncursed ring of protection from magic for 400
                  | gold pieces
 10831 | D:9      | Reached ** piety under Sif Muna
 11073 | D:9      | Noticed Maggie
 11255 | D:9      | Killed Maggie
 11722 | D:10     | Entered Level 10 of the Dungeon
 13406 | D:11     | Noticed Maurice
 13437 | D:11     | Noticed Harold
 13441 | D:11     | Reached XP level 11. HP: 64/64 MP: 8/18
 13447 | D:11     | Killed Harold
 13447 | D:11     | Reached skill level 5 in Armour
 13608 | D:11     | Found an ancient bone altar of Kikubaaqudgha.
 14112 | D:11     | Noticed Urug
 14415 | D:11     | Killed Urug
 14415 | D:11     | Reached skill level 1 in Conjurations
 14651 | D:11     | Noticed a cyclops
 14691 | D:11     | Killed a cyclops
 15105 | D:11     | Killed Maurice
 15316 | D:11     | Reached *** piety under Sif Muna
 15663 | D:11     | Noticed a cyclops
 15707 | D:11     | Killed a cyclops
 15982 | D:11     | Reached skill level 10 in Maces & Flails
 16321 | D:11     | Found a staircase to the Lair.
 16360 | Lair:1   | Entered Level 1 of the Lair of Beasts
 17104 | Lair:1   | Got a buzzing whip
 17105 | Lair:1   | Identified the +6 whip of Lust {elec, rElec rN+} (You found
                  | it on level 1 of the Lair of Beasts)
 17544 | Lair:2   | Reached XP level 12. HP: 75/75 MP: 2/19
 18596 | Lair:2   | Found a staircase to the Shoals.
 19338 | Lair:3   | Reached skill level 10 in Fighting
 19395 | Lair:3   | Found a hole to the Spider Nest.
 19407 | Lair:3   | Noticed a catoblepas
 19506 | Lair:3   | Killed a catoblepas
 19833 | Lair:3   | Reached skill level 10 in Armour
 20074 | Lair:3   | Got a translucent ring mail
 20085 | Lair:3   | Identified the +1 ring mail "Uhaid" {Int+3} (You found it
                  | on level 3 of the Lair of Beasts)
 21021 | Lair:4   | Noticed a four-headed hydra
 21043 | Lair:4   | Killed a four-headed hydra
 21539 | Lair:4   | You fall into a shaft and drop 1 floor!
 21685 | Lair:5   | Noticed UnDebs's ghost (journeyman TeAE)
 21807 | Lair:5   | Found a bloodstained altar of Trog.
 21853 | Lair:5   | Reached XP level 13. HP: 63/83 MP: 3/20
 21998 | Lair:5   | Noticed Sonja
 22011 | Lair:5   | Killed Sonja
 22113 | Lair:5   | Reached **** piety under Sif Muna
 22294 | Lair:5   | Found a transporter.
 22299 | Lair:5   | Identified the +2 trident "Dacum" {elec, rC++ Dex+4}
 22305 | Lair:5   | Found a transporter.
 22808 | Lair:5   | Noticed Josephine
 22833 | Lair:5   | Killed Josephine
 23512 | Lair:5   | Found a runed translucent door.
 23517 | Lair:5   | Found a viscous altar of Jiyva.
 23517 | Lair:5   | Found a staircase to the Slime Pits.
 23858 | Lair:6   | Entered Level 6 of the Lair of Beasts
 25894 | Lair:6   | HP: 1/87 [lindwurm/blast of flame (25)]
 25898 | Lair:6   | Killed from afar by a lindwurm

Illustrated notes

Levels and vault maps discovered:
D:1:      mainiacjoe_arrival_reflecting_pool, layout_basic, minmay_hedge_maze,
          minmay_tree_intersection
D:2:      layout_basic, grunt_decor_clamped
D:3:      layout_basic, nicolae_overflow_hidden_temple, serial_curves,
          eino_curves_02, eino_curves_04, okawaru_metal_pillars_1_2
D:4:      layout_loops_ring, makhleb_blood_cavern_becter, uniq_robin
D:5:      layout_rooms, serial_shops, nicolae_shop_crystal, first_ration
D:6:      layout_basic, minmay_temple_entry_enclosed_plants, uniq_sigmund,
          uniq_grinder
D:7:      nicolae_whirlpool, layout_basic, the_bakery
D:8:      layout_basic, nicolae_overflow_crystal_walls, serial_shops,
          kennysheep_little_box
D:9:      layout_roguey, uniq_maggie
D:10:     lemuel_upstairs_altar, layout_irregular_city
D:11:     layout_small_grid, erik_lair_dragon, basic_altar, uniq_maurice,
          uniq_harold, uniq_urug
Temple:   regret_index_temple_chain_breaker
Lair:1:   layout_gridlike, lemuel_fruit_fields
Lair:2:   layout_regular_city, minmay_shoals_entry_beasts, st_stairs_4,
          serial_bayou_shore_b, grunt_megastairs_1, lemuel_fruit_tree,
          serial_bayou_shore_b
Lair:3:   layout_cave_pods, spider_nest_entry_webs, serial_bayou_shore_b,
          grunt_megastairs_5
Lair:4:   layout_hall_layers
Lair:5:   layout_cave_pods, slime_altar_2, gammafunk_ghost_wrathful_warriors,
          uniq_sonja, uniq_josephine
Lair:6:   hangedman_lair_caniforms_friends, layout_hall_layers,
          hangedman_lair_in_review, serial_bayou_shore_b

Skill      XL: |  1  2  3  4  5  6  7  8  9 10 11 12 13 |
---------------+----------------------------------------+-----
Earth Magic    | 4 5 6 7 9 10 11 12 | 12.0
Shields        | 1 2 3 4 |  4.0
Spellcasting   | 3 4 5 |  5.0
Maces & Flails | 1 3 5 6 9 10 12 | 12.9
Fighting       | 1 5 8 10 12 | 12.8
Armour         | 2 4 7 10 | 10.0
Conjurations   | 2 |  2.0
Dodging        | |  1.5
Stealth        | |  2.1
Transmutations | |  0.7

Action                   |  1- 3 |  4- 6 |  7- 9 | 10-12 | 13-15 || total
-------------------------+-------+-------+-------+-------+-------++-------
Melee: Unarmed           |     2 |       |       |       |       ||     2
       Dagger            |     1 |       |       |       |       ||     1
       Club              |   182 |       |       |       |       ||   182
       Whip              |     3 |    25 |       |   108 |   180 ||   316
       Flail             |       |       |     5 |   124 |       ||   129
Throw: Stone             |       |     1 |       |       |       ||     1
       Throwing net      |       |       |       |       |     1 ||     1
 Cast: Sandblast         |    36 |    74 |    86 |    51 |       ||   247
       Passwall          |       |     3 |       |       |       ||     3
       Stone Arrow       |       |       |    75 |   295 |   130 ||   500
       Lee's Rapid Decon |       |       |     1 |     2 |       ||     3
Invok: Channel Magic     |       |       |       |     1 |       ||     1
Evoke: Wand              |       |       |       |     3 |     1 ||     4
  Use: Scroll            |     3 |       |     8 |    11 |     1 ||    23
 Stab: Sleeping          |     1 |       |       |       |       ||     1
       Paralysed         |       |       |       |     1 |       ||     1
  Eat: Chunk             |     5 |     6 |    11 |    26 |     9 ||    57
       Ration            |       |       |     3 |     6 |     2 ||    11
Armor: Robe              |     9 |       |     6 |     2 |       ||    17
       Leather armour    |     2 |    28 |    19 |       |       ||    49
       Acid dragon scale |       |       |       |   103 |       ||   103
       Ice dragon scales |       |       |       |    25 |   123 ||   148
Dodge: Dodged            |     9 |    25 |    24 |   107 |    60 ||   225
Block: Buckler           |       |     9 |    18 |    62 |    23 ||   112
